General information
- name: BNet
- type: Ladder 1vs1/FFA
- host: Battle.net
- saver: 7.41
map: TirisfalGlades
- players: 2
- length: 17:03
- speed: Fast
- version: 1.26 W3XP
- replay type: Public
» download(49 KB)
Players
team 1 (winner)
7.41 (
pink | 65 APM | 1101 actions | 17:03)
3 Archmage
2 Blizzard
1 Brilliance Aura
2 Blood Mage
1 Flame Strike
1 Siphon Mana
» actions
| Assign group hotkey | 43 | |
| Basic commands | 48 | |
| Build / train | 81 | |
| ESC pressed | 1 | |
| Enter build submenu | 43 | |
| Enter hero's abilities submenu | 5 | |
| Right click | 378 | |
| Select / deselect | 297 | |
| Select group hotkey | 106 | |
| Use ability | 99 | |
1101 total
» units
» upgrades
» buildings
| Lumber Mill | 1 | |
| Scout Tower | 22 | |
| Guard Tower | 16 | |
| Farm | 5 | |
| Arcane Tower | 3 | |
| Altar of Kings | 1 | |
| Arcane Vault | 2 | |
| Keep | 1 | |
| Town Hall | 1 | |
| Blacksmith | 2 | |
| Workshop | 2 | |
| Castle | 1 | |
57 total
» build order
00:07 Lumber Mill
00:52 Scout Tower
01:07 Scout Tower
01:23 Scout Tower
01:26 Guard Tower
01:29 Scout Tower
01:42 Guard Tower
01:42 Guard Tower
02:02 Guard Tower
03:05 Farm
03:31 Scout Tower
04:05 Arcane Tower
04:05 Farm
04:07 Altar of Kings
05:12 Scout Tower
05:12 Scout Tower
05:13 Scout Tower
05:14 Scout Tower
05:14 Scout Tower
05:43 Guard Tower
05:53 Guard Tower
05:58 Scout Tower
06:18 Guard Tower
06:19 Arcane Vault
06:35 Guard Tower
06:43 Guard Tower
06:45 Farm
07:20 Keep
08:56 Town Hall
09:00 Scout Tower
09:00 Scout Tower
09:01 Scout Tower
09:04 Scout Tower
09:05 Scout Tower
09:15 Scout Tower
09:29 Arcane Tower
09:35 Guard Tower
09:36 Guard Tower
09:37 Guard Tower
10:31 Guard Tower
10:41 Guard Tower
11:28 Scout Tower
11:57 Blacksmith
11:59 Blacksmith
12:11 Arcane Tower
12:16 Scout Tower
12:20 Scout Tower
12:20 Scout Tower
12:43 Workshop
12:45 Workshop
12:51 Guard Tower
13:05 Farm
13:06 Farm
13:35 Arcane Vault
14:11 Scout Tower
14:32 Castle
14:41 Guard Tower
» items
| Staff of Teleportation | 1 | |
| Boots of Speed | 1 | |
| Scroll of Regeneration | 3 | |
| Lesser Clarity Potion | 3 | |
| Mechanical Critter | 1 | |
| Potion of Healing | 5 | |
| Scroll of Town Portal | 1 | |
| Potion of Mana | 1 | |
16 total
team 2 (loser)
broncanus (
yellow | 46 APM | 778 actions | 17:02)
3 Warden
1 Fan of Knives
2 Shadow Strike
» actions
| Assign group hotkey | 8 | |
| Basic commands | 5 | |
| Build / train | 72 | |
| Enter build submenu | 20 | |
| Enter hero's abilities submenu | 3 | |
| Remove unit from queue | 1 | |
| Right click | 322 | |
| Select / deselect | 290 | |
| Select group hotkey | 6 | |
| Use ability | 51 | |
778 total
» units
| Wisp | 35 | |
| Archer | 5 | |
| Huntress | 8 | |
| Glaive Thrower | 9 | |
57 total
» upgrades
| Moon Armor | 1 | |
| Strength of the Moon | 1 | |
2 total
» buildings
| Altar of Elders | 1 | |
| Moon Well | 5 | |
| Ancient of War | 2 | |
| Hunter's Hall | 1 | |
| Tree of Ages | 1 | |
| Tree of Life | 1 | |
| Ancient Protector | 1 | |
12 total
» build order
00:08 Altar of Elders
00:10 Moon Well
00:54 Ancient of War
01:36 Ancient of War
02:15 Moon Well
02:19 Moon Well
07:55 Hunter's Hall
08:52 Moon Well
10:54 Tree of Ages
11:01 Tree of Life
11:56 Moon Well
13:02 Tree of Ages
13:08 Ancient Protector
Chat log
(00:51 / All) broncanus: gg
(05:08 / All) broncanus: ........g
(05:10 / All) broncanus: ......g
(06:10 / All) broncanus: your lucky im a noob